 Dungeon Crawl Stone Soup version 0.24-a0-640-ge7cd8ce796 (webtiles) character file.

Game seed: 7221753545941204485, levelgen mode: deterministic

6179 Gargoyl the Envoy of Void (level 10, 0/124 HPs)
             Began as a Centaur Abyssal Knight on Sept 24, 2019.
             Was a High Priest of Lugonu.
             Succumbed to a killer bee's poison
             ... on level 2 of the Lair of Beasts.
             The game lasted 00:16:12 (9018 turns).

Gargoyl the Envoy of Void (Centaur Abyssal Knight)  Turns: 9018, Time: 00:16:12

Health: 0/124      AC: 11    Str: 21    XL:     10   Next: 60%
Magic:  15/15      EV: 12    Int: 11    God:    Lugonu [*****.]
Gold:   650        SH:  0    Dex: 11    Spells: 9/9 levels left

rFire    . . .     SeeInvis .   B - +1 war axe (elec)
rCold    . . .     Gourm    .   (no shield)
rNeg     . . .     Faith    .   d - +2 robe of the Known World {Regen+}
rPois    +         Spirit   .   (helmet restricted)
rElec    .         Reflect  .   j - +2 cloak {MR+}
rCorr    .         Harm     .   m - +1 pair of gloves
MR       ++...                  (no barding)
Stlth    ..........             (no amulet)
HPRegen  0.70/turn              y - ring of poison resistance
MPRegen  0.14/turn              p - ring of stealth

@: berserking (expiring), lethally poisoned (0 -> 0), very quick
A: large, hooves 3, horns 1, deformed body, speed 2, magic resistance 1, tough
skin 3
a: Depart the Abyss, Bend Space, Banish, Corrupt, Enter the Abyss, Renounce
Religion


You were on level 2 of the Lair of Beasts.
You worshipped Lugonu.
Lugonu was extremely pleased with you.
You were near starving.

You visited 2 branches of the dungeon, and saw 10 of its levels.
You visited the Abyss 1 time.
You also visited: Sewer.

You collected 650 gold pieces.

Inventory:

Hand Weapons
 a - a +7 hand axe
 u - a +2 hand axe of chopping
 w - the +8 mace of Batzill {freeze, rF+ Str+7 Int+2}
   (You found it on level 4 of the Dungeon)

   It has been specially enchanted to freeze those struck by it, causing extra
   injury to most foes and up to half again as much damage against particularly
   susceptible opponents.
   It can also slow down cold-blooded creatures.
   It affects your strength (+7).
   It affects your intelligence (+2).
   It protects you from fire.
 B - a +1 war axe of electrocution (weapon)
Missiles
 x - 17 boomerangs (quivered)
Armour
 d - the +2 robe of the Known World (worn) {Regen+}
   (You found it on level 3 of the Abyss)

   It increases your rate of regeneration.
 e - a +0 plate armour
 j - a +2 cloak of magic resistance (worn)
 m - a +1 pair of gloves (worn)
 s - a scarf of cloud immunity
 C - a +0 helmet
Jewellery
 p - a ring of stealth (right hand)
 y - a ring of poison resistance (left hand)
Wands
 l - a wand of paralysis (5)
 z - a wand of random effects (26)
 A - a wand of enslavement (8)
 D - a wand of disintegration (23)
 E - a wand of flame (15)
Scrolls
 b - 2 scrolls of identify
 g - 3 scrolls of remove curse
 o - 2 scrolls of teleportation
 t - a scroll of fog
 F - a scroll of magic mapping
 H - a scroll of enchant weapon
Potions
 h - 2 potions of brilliance
 i - 6 potions of curing
 k - a potion of might
 n - a potion of cancellation
 q - 3 potions of heal wounds
 r - 2 potions of flight
 v - 2 potions of haste
Comestibles
 c - 25 rations


   Skills:
 + Level 6.3 Fighting
 + Level 7.0(7.8) Axes
 + Level 4.9(6.7) Maces & Flails
 + Level 0.5 Throwing
 * Level 5.2 Armour
 * Level 5.5 Dodging
 * Level 7.5 Invocations
 + Level 0.3 Evocations


You had 9 spell levels left.
You didn't know any spells.
Your spell library contained the following spells:

 Spells                   Type           Power        Failure   Level  Hunger
 Animate Skeleton         Necr           N/A          34%         1    ##.....
 Apportation              Tloc           #.....       34%         1    ##.....
 Confusing Touch          Hex            #.....       34%         1    ##.....
 Corona                   Hex            #......      34%         1    ##.....
 Magic Dart               Conj           #...         34%         1    ##.....
 Summon Small Mammal      Summ           #...         34%         1    ##.....
 Blink                    Tloc           N/A          47%         2    ###....
 Call Imp                 Summ           #.......     47%         2    ###....
 Slow                     Hex            #.......     47%         2    ###....
 Conjure Flame            Conj/Fire      #.......     71%         3    ####...
 Inner Flame              Hex/Fire       #.......     71%         3    ####...
 Mephitic Cloud           Conj/Pois/Air  #.......     71%         3    ####...
 Portal Projectile        Hex/Tloc       #.....       71%         3    ####...
 Cause Fear               Hex            #.........   98%         4    #####..
 Leda's Liquefaction      Hex/Erth       #.........   98%         4    #####..


Dungeon Overview and Level Annotations

Branches:
Dungeon (8/15)             Temple (0/1) D:5            Lair (2/6) D:8
  Sewer (visited)
  Swamp: Lair:2-4    Shoals: Lair:2-4     Snake: Lair:2-4    Spider: Lair:2-4

Altars:
Gozag
Makhleb
Okawaru
Qazlal
Ru
Sif Muna
Trog

Shops:
D:4 *}


Innate Abilities, Weirdness & Mutations

You have hooves in place of feet.
Armour fits poorly on your strangely shaped body.
You cover ground very quickly.
You have extremely tough skin. (AC +3)
You have a pair of small horns on your head.
You are resistant to hostile enchantments. (MR+)


Message History

You closely miss the killer bee. Your headbutt misses the killer bee.
The killer bee is almost dead.
The killer bee closely misses you. The killer bee barely misses you.
You barely miss the killer bee. Your kick misses the killer bee.
The killer bee is almost dead.
You feel sick. The killer bee barely misses you.
You slash the killer bee!
You kill the killer bee!
Lugonu accepts your kill.
The killer bee stings you but does no damage.
You miss the killer bee. Your kick misses the killer bee.
You headbutt the killer bee!
The killer bee is severely wounded.
You feel sick. The killer bee stings you.
* * * LOW HITPOINT WARNING * * *
You slash the killer bee!
Lightning courses through the killer bee!
You kill the killer bee!
Lugonu accepts your kill.
You die...

#.P#.##...# .........##
. ####...## #. #P..#
#.. ##.## ##.. ##.##
#P...## ##...#
.......#### ##.#[###
.......@#.####.##+.###
..>....+†..#...y.....##
.......##....#........#
....... ##...+.y.....##
....... #####.......#
P#P+... #P+.#.###
##.### ##yy### .. #..#
#y.#


There were no monsters in sight!

Vanquished Creatures
  A black mamba (Lair:1)
  A hornet (D:8)
  A hippogriff (Lair:1)
  Sigmund (D:6)
  6 yaks
  A wyvern (D:8)
  Menkaure (D:6)
  A soldier ant (D:8)
  A water moccasin (Lair:2)
  An orc warrior (D:8)
  A porcupine (Lair:1)
  A sky beast (D:2)
  3 ice beasts
  An ogre (D:6)
  A phantom (D:5)
  2 centaurs (D:7)
  2 crocodiles
  2 big kobolds
  3 bullfrogs
  A water moccasin skeleton (D:8)
  2 scorpions
  12 killer bees (Lair:2)
  4 howler monkeys
  A crimson imp (D:4)
  A centaur zombie (D:8)
  A centaur skeleton (D:8)
  A hound (D:8)
  Crazy Yiuf (D:4)
  2 orc priests
  5 orc wizards
  3 bullfrog skeletons
  An iguana (D:8)
  9 worker ants
  A hound skeleton (D:8)
  A worker ant zombie (D:5)
  A river rat (Sewer)
  16 adders
  2 shadow imps
  2 oozes
  2 worms
  A dart slug (D:1)
  11 leopard geckos
  28 orcs
  9 bats
  9 giant cockroaches
  10 goblins
  10 hobgoblins
  11 jackals
  4 quokkas
  A ball python (D:5)
  5 frilled lizards
  19 kobolds
  A quokka skeleton (D:5)
  A quokka zombie (D:8)
  12 rats
  3 fungi
235 creatures vanquished.

Vanquished Creatures (others)
  2 death yaks (D:8)
  A hound (D:7)
  5 fungi (Lair:2)
  6 starspawn tentacles (Abyss:3)
14 creatures vanquished.

Grand Total: 249 creatures vanquished

Notes
Turn   | Place    | Note
-------+----------+-------------------------------------------
     0 | Abyss:1  | Gargoyl the Centaur Abyssal Knight began the quest for the
                  | Orb.
     0 | Abyss:1  | Reached XP level 1. HP: 19/19 MP: 2/2
    76 | Abyss:1  | Noticed an ancient zyme
    80 | Abyss:1  | Noticed a flying skull
   170 | Abyss:3  | Got a brightly glowing robe
   181 | Abyss:3  | Identified the +2 robe of the Known World {Regen+} (You
                  | found it on level 3 of the Abyss)
   222 | Abyss:3  | Noticed a tentacled starspawn
   238 | Abyss:3  | Noticed a chaos spawn
   246 | Abyss:3  | Noticed a hog
   256 | Abyss:3  | Noticed a basilisk
   256 | Abyss:3  | a hog changed into a basilisk
   270 | Abyss:3  | Noticed a sixfirhy
   273 | D:1      | Escaped the Abyss
   303 | D:1      | Reached XP level 2. HP: 26/26 MP: 3/3
   305 | D:1      | Reached * piety under Lugonu
   648 | D:1      | Reached XP level 3. HP: 31/31 MP: 4/4
   700 | D:1      | Reached skill level 1 in Dodging
   857 | D:2      | Noticed a sky beast
   872 | D:2      | Killed a sky beast
   872 | D:2      | Reached XP level 4. HP: 18/40 MP: 4/6
   872 | D:2      | Reached XP level 5. HP: 21/46 MP: 4/7
  1081 | D:2      | Reached ** piety under Lugonu
  1193 | D:2      | Found a bloodstained altar of Trog.
  1275 | D:2      | Found an iron altar of Okawaru.
  1393 | D:2      | Found an opulent altar of Gozag.
  1394 | D:2      | Found a shimmering blue altar of Sif Muna.
  1858 | D:3      | Found a glowing drain.
  1867 | Sewer    | Entered a sewer
  1984 | Sewer    | Reached XP level 6. HP: 34/52 MP: 8/8
  2032 | Sewer    | Found a white marble altar of Elyvilon.
  2079 | D:3      | Reached *** piety under Lugonu
  2837 | D:4      | Found Sooxtip's Gadget Emporium.
  3005 | D:4      | Reached XP level 7. HP: 59/59 MP: 9/9
  3081 | D:4      | Found a runed translucent door.
  3082 | D:4      | Noticed Crazy Yiuf
  3190 | D:4      | Found Baboh's Assorted Antiques.
  3735 | D:4      | Killed Crazy Yiuf
  3746 | D:4      | Got a slimy mace
  3747 | D:4      | Identified the +8 mace of Batzill {freeze, rF+ Str+7 Int+2}
                  | (You found it on level 4 of the Dungeon)
  3785 | D:5      | Entered Level 5 of the Dungeon
  3838 | D:5      | Found a burning altar of Makhleb.
  3885 | D:5      | Reached **** piety under Lugonu
  3984 | D:5      | Found a staircase to the Ecumenical Temple.
  4244 | D:5      | Reached skill level 1 in Maces & Flails
  4391 | D:5      | Reached XP level 8. HP: 67/67 MP: 11/11
  4862 | D:6      | Found a sacrificial altar of Ru.
  4959 | D:6      | Noticed Sigmund
  4972 | D:6      | Killed Sigmund
  4972 | D:6      | Reached skill level 5 in Fighting
  5311 | D:6      | Noticed Menkaure
  5321 | D:6      | Killed Menkaure
  5686 | D:7      | Reached skill level 5 in Invocations
  5735 | D:7      | Got a polished scale mail
  5746 | D:7      | Identified the +6 scale mail "Engeel" {Int+7} (You found it
                  | on level 7 of the Dungeon)
  5791 | D:7      | Found a stormy altar of Qazlal.
  5915 | D:7      | Reached XP level 9. HP: 74/74 MP: 12/12
  5922 | D:7      | Reached ***** piety under Lugonu
  6065 | D:8      | Noticed a death yak
  6066 | D:8      | Noticed a death yak
  6508 | D:8      | Found a staircase to the Lair.
  7097 | D:8      | Noticed a death yak
  7097 | D:8      | Noticed a death yak
  7099 | D:8      | Noticed a death yak
  7237 | D:8      | Banished a death yak
  7237 | D:8      | Reached skill level 5 in Axes
  7262 | D:8      | Banished a death yak
  7546 | D:8      | Reached XP level 10. HP: 53/83 MP: 13/15
  7796 | Lair:1   | Entered Level 1 of the Lair of Beasts
  7876 | Lair:1   | Reached skill level 5 in Dodging
  8073 | Lair:1   | Reached skill level 5 in Armour
  8327 | Lair:1   | Noticed a black mamba
  8336 | Lair:1   | Killed a black mamba
  8981 | Lair:2   | Gained mutation: You are resistant to hostile enchantments.
                  | (MR+) [potion of mutation]
  8981 | Lair:2   | Gained mutation: You have a pair of small horns on your
                  | head. [potion of mutation]
  9009 | Lair:2   | HP: 6/124 [killer bee (9)]
  9015 | Lair:2   | HP: 3/124 [poisoned by a killer bee]
  9017 | Lair:2   | HP: 1/124 [killer bee (2)]
  9018 | Lair:2   | Succumbed to a killer bee's poison

Levels and vault maps discovered:
D:1:      scummos_arrival_hexagon, layout_rooms
D:2:      layout_basic, gammafunk_temple_overflow_forgotten,
          trog_three_pillars_becter
D:3:      minmay_general_purpose_star, layout_basic, portal_sewer_entry_f,
          first_ration, grunt_ministairs_11
D:4:      layout_basic, serial_shops, shop, shop,
          hangedman_abyss_or_decor_stagger, uniq_crazy_yiuf_cottage
D:5:      layout_basic, old_standard_altar, temple_statues, minivault_25
D:6:      layout_loops_corners, minmay_misc_feat_square, minmay_misc_feat_x,
          nicolae_ru_awakened_eye, uniq_sigmund, uniq_menkaure
D:7:      layout_gridville, lemuel_statue_altar
D:8:      kennysheep_blocky_hall, layout_rooms, dpeg_lair_monsters,
          hangedman_pestilent_swarm
Lair:1:   layout_layer_cave
Lair:2:   layout_roguey [special_room_bee], shoals_dummy_entry,
          dummy_snake_entry, lemuel_fruit_tree

Skill      XL: |  1  2  3  4  5  6  7  8  9 10 |
---------------+-------------------------------+-----
Axes           | 2 3 4 6 7 |  7.0
Dodging        | 1 2 3 4 5 |  5.5
Armour         | 2 3 4 5 |  5.2
Fighting       | 4 5 6 |  6.3
Invocations    | 3 4 5 6 7 |  7.5
Maces & Flails | 1 4 |  4.9
Throwing       | |  0.5
Evocations     | |  0.3

Action                   |  1- 3 |  4- 6 |  7- 9 | 10-12 || total
-------------------------+-------+-------+-------+-------++-------
Melee: Hand axe          |    86 |   154 |    54 |       ||   294
       Kick              |    12 |    30 |    88 |    31 ||   161
       Mace              |       |       |   190 |       ||   190
       War axe           |       |       |    67 |   127 ||   194
       Headbutt          |       |       |       |     2 ||     2
Throw: Boomerang         |       |       |     5 |     1 ||     6
Invok: Depart the Abyss  |     1 |       |       |       ||     1
       Banish            |       |       |     7 |       ||     7
       Bend Space        |       |       |     1 |       ||     1
Evoke: Wand              |       |       |     2 |       ||     2
  Use: Scroll            |     2 |     8 |    14 |     1 ||    25
       Potion            |     1 |       |     1 |     2 ||     4
 Stab: Sleeping          |       |     2 |     8 |       ||    10
       Distracted        |       |       |     1 |       ||     1
  Eat: Chunk             |       |     5 |    14 |     2 ||    21
Armor: Robe              |    50 |    82 |   122 |    64 ||   318
Dodge: Dodged            |    67 |   107 |   193 |   110 ||   477

Table legend:
 A = Non-vault XP
 B = Vault XP
 C = Vault XP percentage of total XP
 D = Non-vault monster count
 E = Vault monster count
 F = Vault count percentage of total count
                 A         B        C        D         E       F
            +---------+---------+-------+---------+---------+-------
      Total |    5349 |    3479 |  39.4 |     189 |      46 |  19.6
            +---------+---------+-------+---------+---------+-------
        D:1 |      44 |       0 |   0.0 |      25 |       0 |   0.0
        D:2 |     217 |       0 |   0.0 |      23 |       0 |   0.0
        D:3 |     122 |      30 |  19.7 |      16 |       9 |  36.0
        D:4 |     308 |      41 |  11.7 |      20 |       1 |   4.8
        D:5 |     668 |       0 |   0.0 |      33 |       0 |   0.0
        D:6 |     453 |     395 |  46.6 |      10 |       2 |  16.7
        D:7 |     700 |       0 |   0.0 |      21 |       0 |   0.0
        D:8 |     791 |    2133 |  72.9 |      30 |      11 |  26.8
     Lair:1 |    1888 |       0 |   0.0 |       9 |       0 |   0.0
     Lair:2 |     147 |     747 |  83.6 |       1 |      12 |  92.3
    Abyss:3 |      11 |       0 |   0.0 |       1 |       0 |   0.0
      Sewer |       0 |     133 | 100.0 |       0 |      11 | 100.0
            +---------+---------+-------+---------+---------+-------
